Map: Catalyst LE

Players

Nicklegends

  • Race: Zerg Zerg
  • League: Silver
  • Spawn Location: 5:00

Infamous - Winner!

  • Race: Protoss Protoss
  • League: Silver
  • Spawn Location: 11:00

VOD

Have the link to the VOD?

Description

Time

  • Played on: April 10, 2018, 11:47 a.m.
  • Length: 13:06
Show
View Real Time Build Order
Export as new Build Order

Nicklegends Zerg 

Build Orders: Pool First 

Get SALT Encoding   

  12  0:01  Drone  
  13  0:13  Overlord  
  13  0:23  Drone  
  14  0:32  Drone x2  
  16  0:36  Drone  
  17  0:48  Spawning Pool  
  16  0:50  Drone  
  17  0:59  Drone  
  18  1:12  Extractor  
  17  1:19  Hatchery  
  16  1:31  Drone x3  
  19  1:42  Queen  
  19  1:46  Zergling x2  
  22  1:54  Overlord  
  22  2:16  Drone  
  22  2:17  Drone  
  24  2:24  Metabolic Boost  
  24  2:34  Queen  
  26  2:37  Drone x2  
  26  2:38  Drone  
  29  2:52  Overlord  
  28  3:18  Drone  
  28  3:19  Drone x6  
  35  3:30  Overlord, Roach Warren  
  35  3:31  Overlord  
  34  3:52  Zergling x6  
  37  4:03  Drone x2  
  37  4:04  Drone  
  40  4:11  Roach  
  40  4:12  Roach x2  
  46  4:27  Queen  
  48  4:32  Roach x2  
  48  4:34  Overlord x3, Hatchery  
  51  4:38  Spore Crawler  
  51  4:40  Spore Crawler  
  49  4:56  Roach  
  49  4:57  Roach x5  
  49  4:58  Zergling x8  
  65  5:02  Ravager x2  
  67  5:11  Queen  
  67  5:13  Overlord  
  69  5:43  Ravager  
  67  6:10  Drone  
  67  6:11  Drone x5  
  71  6:15  Lair  
  73  6:22  Extractor  
  73  6:23  Evolution Chamber  
  73  6:24  Extractor  
  70  6:34  Drone x2  
  70  6:35  Drone  
  70  6:37  Drone x3  
  73  7:07  Ravager x3  
  76  7:12  Spore Crawler  
  69  7:48  Drone x3  
  69  7:49  Drone x3  
  69  7:50  Drone x2  
  77  7:55  Extractor  
  76  8:00  Spire  
  76  8:02  Zerg Missile Weapons Level 1  
  76  8:05  Drone x3  
  78  8:09  Extractor  
  78  8:10  Drone x3, Extractor  
  78  8:11  Drone  
  78  8:12  Drone x2  
  62  8:59  Roach x6  
  62  9:00  Roach  
  62  9:01  Zergling x2  
  62  9:02  Zergling x10  
  79  9:03  Zergling x12  
  79  9:04  Zergling x10  
  90  9:17  Overlord  
  90  9:18  Overlord x2  
  90  9:19  Overlord  
  90  9:20  Overseer  
  90  9:27  Pneumatized Carapace  
  90  9:47  Mutalisk  
  90  9:48  Mutalisk x12, Hatchery  
  83  10:09  Mutalisk x2  
  83  10:11  Roach x4  
  85  11:03  Hatchery  
  82  11:08  Queen  
  84  11:19  Hydralisk Den  
  83  11:26  Infestation Pit  
  80  11:36  Mutalisk x4  
  80  11:37  Zergling x2  
  80  11:38  Zergling x20  
  93  12:08  Hydralisk x4  
  93  12:09  Hydralisk x4  
  109  12:16  Queen  
  68  12:46  Roach x3  
Show
View Real Time Build Order
Export as new Build Order

Infamous Protoss - Winner!

Build Orders: Zealot Archon 

Get SALT Encoding   

  12  0:02  Probe  
  13  0:14  Pylon  
  13  0:19  Probe (Chrono Boost)  
  14  0:27  Probe (Chrono Boost)  
  15  0:33  Gateway  
  15  0:44  Probe  
  16  0:50  Assimilator  
  16  0:56  Probe  
  17  1:08  Gateway  
  17  1:09  Probe  
  18  1:23  Probe (Chrono Boost)  
  19  1:27  Cybernetics Core  
  19  1:30  Assimilator  
  19  1:35  Probe (Chrono Boost)  
  20  1:49  Zealot (Chrono Boost)  
  20  1:53  Probe  
  23  1:54  Pylon  
  23  1:57  Pylon  
  23  2:09  Stalker (Chrono Boost)  
  23  2:12  Probe  
  25  2:26  Warp Gate  
  25  2:35  Stalker  
  27  2:39  Forge, Sentry  
  29  3:27  Gateway  
  29  3:29  Gateway  
  29  3:31  Gateway  
  29  3:32  Probe  
  30  3:35  Photon Cannon, Sentry (Chrono Boost)  
  32  3:41  Protoss Ground Weapons Level 1  
  32  3:44  Probe  
  33  4:04  Pylon  
  33  4:23  Nexus  
  33  4:26  Probe (Chrono Boost)  
  34  4:36  Probe (Chrono Boost)  
  35  4:45  Stalker  
  35  4:46  Pylon  
  35  4:48  Zealot  
  39  4:53  Sentry  
  41  5:01  Probe  
  42  5:12  Twilight Council  
  42  5:13  Probe  
  43  5:24  Gateway  
  43  5:30  Zealot  
  43  5:31  Zealot  
  43  5:33  Sentry  
  49  5:36  Probe  
  50  5:50  Probe (Chrono Boost)  
  52  5:58  Assimilator  
  52  6:00  Assimilator  
  52  6:01  Probe (Chrono Boost), Sentry  
  54  6:06  Probe (Chrono Boost)  
  54  6:08  Probe (Chrono Boost)  
  56  6:11  Blink  
  56  6:21  Templar Archives, Protoss Ground Armor Level 1 (Chrono Boost)  
  56  6:22  Probe x2  
  58  6:29  Sentry  
  58  6:30  Zealot  
  62  7:05  High Templar x2  
  62  7:08  Stalker  
  68  7:11  Archon  
  58  7:22  Zealot  
  58  7:23  Zealot x2  
  61  7:47  High Templar x2  
  61  7:48  Zealot  
  61  7:49  Zealot  
  69  7:53  Archon  
  69  8:11  Probe (Chrono Boost)  
  70  8:13  Protoss Shields Level 1 (Chrono Boost), Pylon  
  70  8:14  Pylon  
  70  8:16  Pylon  
  70  8:19  Pylon  
  70  8:31  Probe x2  
  72  8:43  Probe  
  63  8:56  Zealot  
  63  8:57  Zealot x5  
  75  9:10  Gateway  
  75  9:12  Gateway  
  75  9:13  Psionic Storm  
  75  9:18  Zealot x3  
  75  9:19  Zealot x2  
  85  9:30  Forge  
  85  9:31  Shield Battery  
  85  9:34  Photon Cannon  
  85  9:38  Photon Cannon  
  85  9:41  Photon Cannon  
  85  9:59  Stalker x3  
  81  10:14  High Templar x4  
  79  10:34  Stalker x3  
  81  10:38  Probe x2  
  81  10:39  Protoss Ground Armor Level 2 (Chrono Boost)  
  79  10:50  Archon  
  79  10:51  Archon  
  79  10:52  Stalker  
  79  10:54  Sentry  
  79  11:09  High Templar x2  
  79  11:10  Robotics Facility  
  79  11:41  Archon  
  79  11:43  High Templar x2  
  79  11:44  High Templar x2  
  79  11:47  Stalker x2  
  91  12:04  Probe  
  91  12:05  Probe  
  91  12:08  Nexus  
  93  12:13  Archon x2  
  93  12:20  Pylon  
  93  12:22  Pylon  
  93  12:23  Sentry x2  
  93  12:24  Pylon, High Templar  
  89  13:04  Stalker x3  
Tags
 
Composition
Zealot Archon
Matchup
PvZ
Opening
Pool First
Replay Pack
Last Remnant (2)
Spawn Locations
Cross Positions
Add a new tag
Caveats
  • Supply blocks, unpowered buildings, or Contaminate may cause inaccurate times.
  • Supply counts are checked every 10 seconds.